 Dungeon Sprint DCSS version 0.18.1-47-g9310371 (webtiles) character file.

49 rftp080 the Twirler (level 3, -3/21 HPs)
             Began as a Gargoyle Gladiator on June 22, 2016.
             Was an Initiate of Makhleb.
             Killed from afar by a gargoyle (24 damage)
             ... with a stone arrow
             ... in the Dungeon (Sprint IX: "|||||||||||||||||||||||||||||").
             The game lasted 00:01:40 (124 turns).

rftp080 the Twirler (Gargoyle Gladiator)             Turns: 124, Time: 00:01:40

Health: -3/21      AC: 11    Str: 16    XL:     3   Next: 77%
Magic:  3/3        EV: 11    Int:  9    God:    Makhleb [......]
Gold:   0          SH:  0    Dex:  9    Spells: 0 memorised, 2 levels left

rFire  . . .     SeeInvis .     p - +8 demon blade "Leech" {vamp, rN+ AC-2 EV-2 Str-2 Int-2 Dex-2}
rCold  . . .     Gourm    .     u - +2 ring mail
rNeg   + + .     Faith    .     (no shield)
rPois  ∞         Spirit   .     s - +0 helmet
rElec  +         Dismiss  .     (no cloak)
rCorr  .         Reflect  .     t - +0 pair of gloves
SustAt .         Harm     .     (no boots)
MR     .....     NoTele   +     (no amulet)
Stlth  ..........               w - +2 ring of evasion
                                v - +3 ring of intelligence

@: not resistant to hostile enchantments, extremely unstealthy
A: negative energy resistance 1, electricity resistance, unbreathing,
petrification resistance, rot immunity, AC +3
a: Renounce Religion


You were in the Dungeon.
You worshipped Makhleb.
Makhleb was noncommittal.
You were not hungry.

You visited 1 branch

Inventory:

Hand Weapons
 a - a +0 quarterstaff
 p - the +8 demon blade "Leech" (weapon) {vamp, rN+ AC-2 EV-2 Str-2 Int-2 Dex-2}
   (You found it in the Dungeon)

   It inflicts no extra harm, but heals its wielder somewhat when it strikes a
   living foe.
   It affects your AC (-2).
   It affects your evasion (-2).
   It affects your strength (-2).
   It affects your intelligence (-2).
   It affects your dexterity (-2).
   It protects you from negative energy.
 q - a +2 morningstar of crushing
 r - a +4 quarterstaff of speed
Missiles
 d - 3 throwing nets (quivered)
Armour
 b - a +0 leather armour
 c - a +0 helmet
 s - a +0 helmet (worn)
 t - a +0 pair of gloves (worn)
 u - a +2 ring mail (worn)
Magical Staves
 o - an uncursed staff of energy
Jewellery
 v - a +3 ring of intelligence (left hand)
 w - a +2 ring of evasion (right hand)
Wands
 n - a wand of lightning (7/15)
Scrolls
 k - 2 scrolls of blinking
 l - 3 scrolls of remove curse
 m - 2 scrolls of amnesia
Potions
 e - 5 potions of curing
 g - 3 potions of heal wounds
 h - a potion of haste
 i - 4 potions of magic
 j - a potion of invisibility


   Skills:
 - Level 2.1 Fighting
 * Level 0.0 Long Blades
 - Level 7.1 Staves
 - Level 1.7 Throwing
 - Level 2.9 Armour
 - Level 2.4 Dodging


You had 2 spell levels left.
You didn't know any spells.

Dungeon Overview and Level Annotations

Branches:
Dungeon (1/1)

Altars:
Cheibriados
Dithmenos
Elyvilon
Fedhas
Gozag
Kikubaaqudgha
Makhleb
Nemelex Xobeh
Okawaru
Pakellas
Qazlal
Ru
Sif Muna
Trog
Vehumet
Xom
Yredelemnul
Zin
The Shining One
Beogh
Jiyva
Lugonu


Innate Abilities, Weirdness & Mutations

You are resistant to torment.
Your stone body is resilient (AC +3).
You are immune to poison.
You resist negative energy.
You are resistant to electric shocks.
You can survive without breathing.
You are immune to petrification.
You are immune to rotting.


Message History

Wield which item (- for none, * to show all)? (? for menu, Esc to quit)
This weapon is vampiric, and you must be Full or above to equip it.
Unknown command.
Eat which item? (? for menu, Esc to quit)
You continue eating. x2
You finish eating.
That bread ration really hit the spot!
Wield which item (- for none, * to show all)? (? for menu, Esc to quit)
Really wield
p - the +8 demon blade "Leech" {vamp, rN+ AC-2 EV-2 Str-2 Int-2 Dex-2}?
You feel a powerful hunger.
p - the +8 demon blade "Leech" (weapon)
{vamp, rN+ AC-2 EV-2 Str-2 Int-2 Dex-2} Unknown command.
You open the door.
An adder, a quokka, a giant frog, a gargoyle, a crimson imp and a skeleton come into view.
The giant frog croaks.
You hit the gargoyle but do no damage. The gargoyle misses you.
You barely miss the gargoyle.
The crimson imp blinks!
The gargoyle hurls a stone arrow at you.
The stone arrow hits you!
Ouch! That really hurt!
You die... ▓▓▓▓▓▓▓▓▓▓▓▓▓▓▓▓▓▓▓▓▓▓▓▓ _______'...)....@9S5rZF. ▓▓▓▓▓▓▓▓▓▓▓▓▓▓▓▓▓▓▓▓▓▓▓▓

You could see a gargoyle, a giant frog, a crimson imp, an adder, a quokka and a bat skeleton.

Vanquished Creatures
  An orc wizard (D)
  An adder (D)
  A shadow imp (D)
  A bat skeleton (D)
  A giant cockroach (D)
  A kobold (D)
  A goblin (D)
  3 rats (D)
10 creatures vanquished.

Notes
Turn   | Place    | Note
--------------------------------------------------------------
     0 | D        | rftp080 the Gargoyle Gladiator began the quest for the Orb.
     0 | D        | Reached XP level 1. HP: 12/12 MP: 1/1
    10 | D        | Reached skill level 4 in Staves
    20 | D        | Noticed an orc wizard
    27 | D        | Reached skill level 5 in Staves
    27 | D        | Reached XP level 2. HP: 17/17 MP: 2/2
    34 | D        | Reached skill level 6 in Staves
    35 | D        | Reached XP level 3. HP: 21/21 MP: 3/3
    38 | D        | Reached skill level 7 in Staves
    44 | D        | Found a glowing silver altar of Zin.
    44 | D        | Found a glowing golden altar of the Shining One.
    44 | D        | Found an ancient bone altar of Kikubaaqudgha.
    44 | D        | Found a basalt altar of Yredelemnul.
    44 | D        | Found a shimmering altar of Xom.
    44 | D        | Found a radiant altar of Vehumet.
    45 | D        | Found an iron altar of Okawaru.
    46 | D        | Found a burning altar of Makhleb.
    47 | D        | Found a deep blue altar of Sif Muna.
    48 | D        | Found a bloodstained altar of Trog.
    49 | D        | Found a sparkling altar of Nemelex Xobeh.
    50 | D        | Found a white marble altar of Elyvilon.
    51 | D        | Found a roughly hewn altar of Beogh.
    52 | D        | Found a viscous altar of Jiyva.
    53 | D        | Found a corrupted altar of Lugonu.
    54 | D        | Became a worshipper of Makhleb the Destroyer
    55 | D        | Found a blossoming altar of Fedhas.
    56 | D        | Found a snail-covered altar of Cheibriados.
    57 | D        | Found a shadowy altar of Dithmenos.
    58 | D        | Found a stormy altar of Qazlal.
    59 | D        | Found an opulent altar of Gozag.
    60 | D        | Found a sacrificial altar of Ru.
    61 | D        | Found an oddly glowing altar of Pakellas.
   122 | D        | Noticed a gargoyle
   122 | D        | Noticed a giant frog
   124 | D        | Killed from afar by a gargoyle

Skill      XL: |  1  2  3 |
---------------+----------+-----
Staves         | 5 6 7 |  7.1
Armour         | 2 |  2.9
Fighting       | |  2.1
Throwing       | |  1.7
Dodging        | |  2.4

Action                   || total
-------------------------++-------
Melee: Quarterstaff      ||    26
       Demon blade       ||     2
  Use: Potion            ||     1
  Eat: Bread ration      ||     1
Armor: Leather armour    ||     2
Dodge: Dodged            ||    12
